 Dungeon Crawl Stone Soup version 0.31.0-1-g2c135a008e (webtiles) character file.

Game seed: 3358902309676082363

59 qw the Shooter (level 4, -5/34 HPs)
             Began as a Djinni Hunter on Jan 23, 2024.
             Slain by a black bear (7 damage)
             ... on level 6 of the Dungeon.
             The game lasted 00:00:05 (1985 turns).

qw the Shooter (Djinni Hunter)                      Turns: 1985, Time: 00:00:06

Health: -5/34      AC:  5    Str: 10    XL:     4   Next: 22%
Gold:   107        EV: 11    Int: 11    God:
                   SH:  0    Dex: 18

rFire   + + .        a - +1 shortbow
rCold   x . .        (shield currently unavailable)
rNeg    . . .        g - +0 ring mail
rPois   inf          (no helmet)
rElec   .            (no cloak)
rCorr   .            (no gloves)
SInv    .            (boots unavailable)
Will    .....        (no amulet)
Stlth   +            (no ring)
HPRegen 0.25/turn    (no ring)
MPRegen 0.00/turn

%: infuse magic (-6 HP)
@: about to teleport, flying
A: sickness immunity, fire resistance 2, cold vulnerability 1, float, innate
caster, HP casting, extra vitality 1
a: no special abilities


You were on level 6 of the Dungeon.
You visited 1 branch of the dungeon, and saw 4 of its levels.

You collected 107 gold pieces.


Innate Abilities, Weirdness & Mutations

You are immune to sickness and miasma.
You are immune to poison.
Your flesh is very heat resistant. (rF++)
You are vulnerable to cold. (rC-)
You float through the air rather than walking.
You learn spells naturally, not from books.
Your magical power is your life essence.
You have superior vitality. (+4 MHP)


   Skills:
 + Level 2.9 Fighting
 - Level 4.0 Ranged Weapons
 - Level 1.0 Armour
 - Level 2.1 Dodging
 - Level 0.7 Stealth


You knew the following spells:

 Your Spells              Type           Power      Damage    Failure   Level
a - Summon Small Mammal   Summ           0%         N/A       65%         1
Your spell library was empty.

Inventory:

Hand Weapons
 a - a +1 shortbow (weapon)
Armour
 b - a +0 helmet
 g - a +0 ring mail (worn)
Scrolls
 d - a scroll of noise {unknown}
 i - a scroll of identify {unknown}
Potions
 e - a potion of haste {unknown}
 f - a potion of curing {unknown}
 h - a potion of might {unknown}

Dungeon Overview and Level Annotations

Branches:
Dungeon (3/15)

Altars:
Nemelex Xobeh

Shops:
D:6 *


Message History

You shoot an arrow. The arrow barely misses the black bear.
You shoot an arrow. The arrow barely misses the black bear.
You shoot an arrow. The arrow hits the black bear.
The black bear is moderately wounded.
The black bear bites you.
The black bear claws you but does no damage.
The black bear barely misses you.
You shoot an arrow.
The arrow completely misses the black bear.
The black bear bites you but does no damage.
The black bear misses you.
The black bear claws you but does no damage.
You shoot an arrow. The arrow hits the black bear.
The black bear is moderately wounded.
The black bear bites you.
The black bear claws you but does no damage.
The black bear barely misses you.
You shoot an arrow. The arrow hits the black bear.
The black bear is heavily wounded.
The black bear bites you. The black bear barely misses you.
The black bear claws you but does no damage.
The black bear bites you. The black bear claws you. x2
1982 ||| READING scroll of teleportation.
As you read the scroll of teleportation, it crumbles to dust.
You feel strangely unstable. The black bear barely misses you.
The black bear claws you but does no damage.
The black bear claws you.
You shoot an arrow. The arrow hits the black bear.
The black bear is heavily wounded.
The black bear completely misses you. The black bear closely misses you.
The black bear claws you.
You shoot an arrow. The arrow hits the black bear.
The black bear is severely wounded.
The black bear barely misses you. The black bear closely misses you.
The black bear claws you.
You shoot an arrow. The arrow hits the black bear.
The black bear is severely wounded.
The black bear bites you!
You die...

#### #...
... #.###
#h@.#
.!.....#.#
######.
... #.
##.# #. .#
## #


You could see a black bear.

Vanquished Creatures
  An adder (D:2)
  2 dart slugs (D:1)
  A ball python (D:3)
  3 bats
  2 endoplasms
  5 giant cockroaches
  2 goblins
  7 hobgoblins
  6 kobolds
  6 quokkas
  3 rats
38 creatures vanquished.

Notes
Turn   | Place    | Note
-------+----------+-------------------------------------------
     0 | D:1      | qw the Djinni Hunter began the quest for the Orb.
     0 | D:1      | Reached XP level 1. HP: 18/18 MP: 0/0
     0 | D:1      | 0 ||| qw: Version: 0.3-a-136-gdd3b4e8
     0 | D:1      | 0 ||| qw: Game counter: 1099
     0 | D:1      | 0 ||| qw: Melee chars always use a shield: true
     0 | D:1      | 0 ||| qw: God list: Okawaru
     0 | D:1      | 0 ||| qw: Allow faded altars: false
     0 | D:1      | 0 ||| qw: Do Orc after clearing Dungeon:15 true
     0 | D:1      | 0 ||| qw: Do second Lair branch before Depths: true
     0 | D:1      | 0 ||| qw: Lair rune preference: random
     0 | D:1      | 0 ||| qw: Goals: Normal
     0 | D:1      | 0 ||| PLANNING D:1-11
    90 | D:1      | Reached XP level 2. HP: 22/23 MP: 0/0
   368 | D:1      | Reached skill level 4 in Ranged Weapons
   368 | D:1      | Reached XP level 3. HP: 28/28 MP: 0/0
   368 | D:1      | Learned a level 1 spell: Summon Small Mammal
   609 | D:1      | Found a faded altar of an unknown god.
   800 | D:1      | 800 ||| UPGRADING to +0 ring mail.
   810 | D:1      | 810 ||| DROPPING +0 leather armour.
   811 | D:1      | 811 ||| READING scroll labelled JUODAU CE DOG.
   812 | D:1      | 812 ||| READING scroll labelled PASMIE ZINN.
   913 | D:1      | 913 ||| DROPPING scroll of butterflies.
   968 | D:2      | Reached skill level 1 in Armour
  1337 | D:2      | Reached XP level 4. HP: 34/34 MP: 0/0
  1373 | D:2      | Found a sparkling altar of Nemelex Xobeh.
  1420 | D:2      | 1420 ||| READING scroll labelled VIREXON ICH.
  1425 | D:2      | 1425 ||| READING scroll labelled POFEMN AMICIU.
  1425 | D:2      | 1425 ||| ENCHANTING +0 shortbow.
  1891 | D:3      | You are sucked into a shaft and drop 3 floors!
  1896 | D:6      | Found Gavapyos's General Store.
  1897 | D:6      | Noticed a water moccasin
  1911 | D:6      | HP: 7/34 [water moccasin (2)]
  1912 | D:6      | 1912 ||| READING 2 scrolls of teleportation.
  1913 | D:6      | HP: 3/34 [water moccasin (2)]
  1974 | D:6      | Noticed a black bear
  1981 | D:6      | HP: 7/34 [black bear (3)]
  1982 | D:6      | 1982 ||| READING scroll of teleportation.
  1984 | D:6      | HP: 2/34 [black bear (3)]
  1985 | D:6      | Slain by a black bear

Levels and vault maps discovered:
D:1:      minmay_arrival_arboretum_small, layout_basic,
          ebering_ecumenical_altar_petrified, minmay_worlds_worst_comb
D:2:      layout_basic, basic_altar
D:3:      layout_basic
D:6:      layout_basic, grunt_dithmenos_shadows,
          mainiacjoe_overflow_tiny_flanked, serial_shops,
          nicolae_shop_waterfront

Skill      XL: |  1  2  3 |
---------------+----------+-----
Ranged Weapons | 4 |  4.0
Armour         | 1 |  1.0
Fighting       | |  2.9
Dodging        | |  2.1
Stealth        | |  0.7

Action                     |  1- 3 |  4- 6 || total
---------------------------+-------+-------++-------
   Fire: Shortbow          |    74 |    47 ||   121
    Use: Scroll            |     2 |     4 ||     6
 Armour: Leather armour    |    12 |       ||    12
         Ring mail         |     3 |    43 ||    46
  Dodge: Dodged            |    18 |    40 ||    58

Table legend:
 A = Non-vault XP
 B = Vault XP
 C = Vault XP percentage of total XP
 D = Non-vault monster count
 E = Vault monster count
 F = Vault count percentage of total count
                 A         B        C        D         E       F
            +---------+---------+-------+---------+---------+-------
      Total |      79 |       6 |   7.1 |      35 |       3 |   7.9
            +---------+---------+-------+---------+---------+-------
        D:1 |      31 |       6 |  16.2 |      15 |       3 |  16.7
        D:2 |      38 |       0 |   0.0 |      15 |       0 |   0.0
        D:3 |      10 |       0 |   0.0 |       5 |       0 |   0.0
            +---------+---------+-------+---------+---------+-------
